Map: Bel'Shir Vestige LE (Void)

Players

Denver - Winner!

  • Race: Zerg Zerg
  • League: Master
  • Spawn Location: 5:00

Railgan

  • Race: Zerg Zerg
  • League: Grandmaster
  • Spawn Location: 11:00

VOD

Have the link to the VOD?

Description

Time

  • Played on: March 12, 2017, 6:28 p.m.
  • Length: 3:50
Show
View Real Time Build Order
Export as new Build Order

Denver Zerg - Winner!

Build Orders: Pool First 

Get SALT Encoding   

  12  0:00  Drone  
  13  0:13  Overlord  
  13  0:18  Drone  
  14  0:32  Drone x2  
  16  0:36  Drone  
  16  0:40  Extractor  
  16  0:47  Drone  
  17  0:52  Spawning Pool  
  17  0:56  Drone  
  17  1:18  Hatchery  
  17  1:21  Drone  
  17  1:25  Drone  
  18  1:40  Queen  
  18  1:42  Metabolic Boost  
  18  1:47  Zergling x2  
  21  1:53  Overlord  
  21  1:57  Zergling x2  
  22  2:05  Baneling Nest  
  22  2:08  Zergling x2  
  22  2:13  Zergling x2  
  23  2:22  Zergling x2  
  24  2:23  Queen  
  26  2:31  Zergling x2  
  26  2:36  Zergling x2  
  28  2:43  Zergling x2  
  29  2:49  Zergling x6  
  29  2:50  Zergling x2  
  33  2:52  Baneling x2  
  33  2:54  Zergling x2  
  34  3:03  Zergling x4  
  36  3:10  Baneling x2  
  36  3:13  Overlord  
  36  3:22  Overlord  
  34  3:30  Baneling x2  
Show
View Real Time Build Order
Export as new Build Order

Railgan Zerg 

Build Orders: Hatch First 

Get SALT Encoding   

  12  0:01  Drone  
  13  0:17  Overlord  
  13  0:18  Drone  
  14  0:36  Drone x2  
  14  0:39  Drone  
  17  0:54  Drone  
  18  0:57  Hatchery  
  18  1:01  Drone  
  18  1:09  Extractor  
  17  1:14  Spawning Pool  
  17  1:18  Drone  
  17  1:22  Drone  
  18  1:33  Drone  
  19  1:43  Overlord  
  19  2:01  Zergling x2, Queen  
  20  2:05  Drone  
  23  2:10  Queen  
  23  2:12  Drone  
  26  2:16  Metabolic Boost  
  26  2:17  Drone  
  26  2:20  Drone  
  28  2:28  Drone  
  29  2:30  Drone  
  30  2:37  Drone  
  30  2:38  Queen  
  33  2:49  Baneling Nest  
  33  2:51  Zergling x4  
  34  2:55  Overlord  
  33  3:02  Zergling x2  
  34  3:08  Zergling x2  
  34  3:10  Overlord, Zergling x2  
  36  3:13  Queen  
  37  3:21  Zergling x4  
  37  3:22  Zergling x6  
  37  3:25  Zergling x2  
  41  3:28  Zergling x2  
Tags
 
Add a new tag
Caveats
  • Supply blocks, unpowered buildings, or Contaminate may cause inaccurate times.
  • Supply counts are checked every 10 seconds.